Map: Amygdala

Players

MaxPax

  • Race: Protoss Protoss
  • League: Master
  • Spawn Location: 1:00

Serral - Winner!

  • Race: Zerg Zerg
  • League: Master
  • Spawn Location: 7:00

VOD

Have the link to the VOD?

Description

Time

  • Played on: Jan. 23, 2025, 9:12 a.m.
  • Length: 36:54
Show
View Real Time Build Order
Export as new Build Order

MaxPax Protoss 

Build Orders: 1 Gate Expand, Oracle Opening 

Get SALT Encoding   

  12  0:00  Probe  
  13  0:12  Probe  
  14  0:19  Pylon  
  14  0:24  Probe  
  15  0:33  Probe  
  15  0:39  Gateway  
  15  0:41  Probe  
  16  0:47  Assimilator  
  17  0:51  Probe  
  18  1:03  Probe  
  19  1:15  Probe  
  20  1:22  Nexus  
  20  1:31  Cybernetics Core  
  20  1:34  Probe  
  20  1:39  Assimilator  
  21  1:46  Probe  
  22  1:49  Pylon  
  22  1:57  Probe  
  23  2:05  Probe  
  23  2:07  Adept  
  25  2:13  Stargate  
  25  2:14  Probe  
  27  2:23  Warp Gate  
  27  2:25  Probe  
  28  2:30  Probe  
  28  2:34  Stalker  
  29  2:37  Probe  
  29  2:38  Probe  
  33  2:48  Probe  
  33  2:49  Oracle, Probe  
  35  3:00  Probe  
  35  3:01  Probe  
  35  3:02  Pylon  
  40  3:12  Probe  
  40  3:13  Probe  
  42  3:21  Oracle  
  42  3:25  Probe x2  
  44  3:27  Nexus  
  47  3:37  Pylon, Probe  
  47  3:39  Probe  
  49  3:46  Gateway  
  49  3:49  Probe  
  49  3:51  Probe  
  51  3:58  Assimilator  
  51  4:01  Assimilator, Probe  
  52  4:03  Probe  
  53  4:11  Twilight Council  
  53  4:12  Forge  
  53  4:13  Probe  
  53  4:15  Probe  
  55  4:21  Blink  
  55  4:25  Probe  
  55  4:28  Probe  
  57  4:33  Pylon  
  57  4:37  Protoss Ground Weapons Level 1, Probe  
  58  4:39  Probe  
  58  4:40  Probe  
  58  4:44  Gateway  
  60  4:47  Gateway, Probe  
  60  4:49  Probe  
  60  4:50  Gateway  
  62  4:53  Probe  
  62  4:55  Gateway, Probe  
  62  4:59  Adept  
  66  5:01  Probe  
  66  5:05  Probe x2  
  68  5:13  Probe  
  70  5:17  Pylon, Probe  
  70  5:18  Probe  
  72  5:24  Stalker x2  
  72  5:26  Probe  
  77  5:29  Pylon, Probe  
  77  5:30  Probe  
  77  5:34  Shield Battery  
  79  5:38  Probe  
  79  5:39  Stalker  
  79  5:42  Probe  
  83  5:44  Stalker  
  83  5:47  Assimilator  
  83  5:48  Assimilator  
  83  5:49  Stalker x3  
  92  5:50  Probe  
  92  5:51  Stalker  
  94  5:57  Robotics Facility, Pylon  
  94  6:04  Stalker  
  96  6:11  Stalker  
  96  6:12  Stalker  
  96  6:15  Pylon  
  96  6:16  Photon Cannon, Pylon  
  96  6:18  Stalker x2  
  104  6:26  Templar Archives  
  104  6:28  Pylon  
  104  6:31  Stalker x2  
  108  6:36  Stalker  
  110  6:46  Stalker x3  
  112  6:55  Stalker x2  
  112  6:56  Charge  
  112  6:57  Probe  
  117  7:03  Stalker  
  117  7:04  Probe  
  114  7:18  High Templar x2, Protoss Ground Weapons Level 2  
  114  7:19  Psionic Storm  
  114  7:21  Zealot x2  
  114  7:22  High Templar  
  124  7:28  Gateway, Nexus  
  124  7:29  Pylon  
  124  7:31  Gateway  
  124  7:32  Gateway  
  124  7:34  Gateway  
  124  7:42  Zealot x2  
  128  7:49  Zealot  
  128  7:54  High Templar, Photon Cannon  
  128  7:55  High Templar  
  128  7:56  Shield Battery  
  126  8:00  Zealot  
  126  8:05  Zealot x2  
  130  8:12  Zealot  
  128  8:13  Warp Prism  
  126  8:22  Pylon  
  126  8:24  Pylon  
  128  8:27  Zealot x5  
  128  8:33  Photon Cannon  
  138  8:38  High Templar  
  140  8:41  High Templar x2  
  140  8:42  Zealot x2  
  140  8:43  Pylon  
  140  8:44  Nexus  
  140  8:46  Pylon  
  140  8:47  High Templar  
  140  8:48  Zealot x3  
  156  8:57  Pylon, Fleet Beacon  
  156  8:58  Immortal  
  160  9:03  Zealot x2  
  162  9:12  Zealot x5  
  162  9:31  Observer  
  162  9:32  Stalker  
  163  9:42  Mothership  
  169  9:45  Immortal  
  169  9:47  Archon  
  169  9:49  Tempest  
  169  9:52  Zealot x5  
  163  9:53  Zealot x3  
  171  10:03  Stargate  
  171  10:05  High Templar, Zealot  
  175  10:19  Observer  
  175  10:20  High Templar  
  177  10:21  Zealot x4, Stargate  
  177  10:25  Photon Cannon  
  183  10:38  Tempest  
  187  10:47  Tempest  
  187  10:48  Probe x2  
  187  10:49  Assimilator, Probe  
  192  10:50  Assimilator  
  192  11:00  Probe x2  
  194  11:11  Protoss Air Weapons Level 1  
  194  11:13  Tempest  
  194  11:23  Archon  
  194  11:28  Shield Battery, Photon Cannon  
  194  11:31  Photon Cannon, Pylon  
  190  11:34  Pylon  
  190  11:36  Photon Cannon  
  186  11:45  Observer  
  187  11:49  Tempest x2  
  147  12:04  High Templar  
  147  12:05  Zealot x9  
  167  12:21  Tempest  
  167  12:29  High Templar x3  
  173  12:30  High Templar  
  173  12:31  High Templar x2  
  173  12:32  Zealot x3  
  185  12:40  Archon  
  185  12:41  Observer  
  184  12:44  Archon  
  184  12:45  Archon  
  178  12:54  Pylon  
  178  12:55  Nexus  
  178  12:59  High Templar x2, Immortal  
  178  13:00  High Templar  
  178  13:01  Zealot x3  
  178  13:04  Archon  
  192  13:14  Photon Cannon  
  192  13:16  Photon Cannon  
  192  13:17  Photon Cannon  
  192  13:18  Shield Battery  
  192  13:21  Photon Cannon  
  192  13:23  High Templar x2, Pylon  
  192  13:24  Photon Cannon  
  194  13:27  Photon Cannon, Archon  
  194  13:38  Observer  
  189  13:44  Tempest x2  
  189  13:47  Tempest  
  191  13:49  Zealot  
  190  14:06  Protoss Ground Weapons Level 3  
  190  14:09  High Templar x4  
  196  14:12  Protoss Air Weapons Level 2  
  196  14:13  Archon x2  
  196  14:14  Assimilator  
  196  14:15  Assimilator  
  196  14:16  Probe x3  
  196  14:17  Pylon  
  199  14:25  Photon Cannon  
  199  14:42  Archon  
  199  14:44  High Templar  
  199  15:16  Pylon  
  199  15:18  Assimilator  
  199  15:21  Assimilator  
  199  15:30  Observer  
  198  15:46  Nexus  
  194  15:58  Pylon  
  192  16:21  Zealot x4  
  192  16:22  Zealot  
  185  16:41  Observer  
  185  16:47  Probe  
  179  16:59  High Templar x2, Observer  
  183  17:06  High Templar, Archon  
  183  17:07  High Templar  
  185  17:09  Observer  
  185  17:12  Unknown  
  186  17:15  Zealot  
  186  17:16  Zealot  
  190  17:27  Observer  
  191  17:36  Photon Cannon  
  191  17:37  Photon Cannon  
  191  17:38  Photon Cannon  
  191  17:41  Photon Cannon  
  191  17:42  Nexus  
  191  17:43  Protoss Air Weapons Level 3  
  191  17:44  Pylon  
  189  17:45  Zealot  
  189  17:46  Photon Cannon  
  189  17:47  Photon Cannon  
  189  17:48  Shield Battery  
  189  18:24  Zealot x4  
  192  18:28  Zealot x2  
  196  18:37  Nexus  
  196  18:40  Photon Cannon  
  192  18:41  Photon Cannon  
  192  18:43  Photon Cannon  
  192  18:45  Shield Battery  
  192  18:46  Photon Cannon  
  186  18:55  Observer  
  181  18:58  Oracle  
  184  19:03  Zealot  
  184  19:06  Photon Cannon x2  
  184  19:07  Zealot x7  
  200  19:10  Shield Battery  
  200  19:13  Observer  
  191  19:33  Archon x2  
  191  19:36  Stalker x9  
  181  19:52  Tempest x2, Mothership  
  187  20:00  High Templar x4  
  187  20:01  High Templar x2  
  199  20:22  Archon  
  194  20:34  Oracle  
  192  20:36  Zealot  
  192  20:42  Assimilator  
  194  20:45  High Templar x3, Assimilator  
  200  20:57  Protoss Shields Level 1  
  200  21:01  Protoss Air Armor Level 1  
  200  21:05  Pylon  
  194  21:21  Observer  
  194  21:22  Assimilator  
  191  21:31  Photon Cannon  
  191  21:33  Photon Cannon  
  191  21:35  Photon Cannon, Stargate  
  191  21:36  Shield Battery  
  191  21:37  Photon Cannon  
  191  21:38  Stargate  
  191  21:39  Observer  
  192  21:40  Pylon  
  192  21:49  Photon Cannon x2  
  192  21:50  Shield Battery  
  183  22:28  Observer  
  183  22:29  Probe x2  
  185  22:30  Probe  
  185  22:32  Assimilator  
  186  22:39  High Templar x2  
  186  22:40  High Templar x3  
  186  22:41  High Templar  
  186  22:44  Archon x2  
  198  22:47  Observer  
  198  23:03  Photon Cannon  
  196  23:07  Photon Cannon x2  
  196  23:09  Pylon  
  162  23:34  Tempest x4  
  162  23:35  Tempest  
  156  23:43  High Templar x4  
  156  23:44  High Templar x2  
  156  23:47  High Templar x4  
  176  23:49  Archon  
  176  24:03  Gateway  
  176  24:07  Gateway  
  176  24:08  Gateway x2  
  184  24:10  Gateway  
  184  24:11  Gateway  
  184  24:13  Mothership  
  184  24:14  Pylon  
  184  24:17  Dark Shrine  
  184  24:21  Pylon  
  180  24:33  Zealot  
  180  24:48  Nexus  
  180  24:50  Shield Battery  
  180  24:52  Photon Cannon  
  179  25:03  Zealot x11, Nexus  
  192  25:08  Photon Cannon  
  172  25:22  Zealot  
  174  25:29  Photon Cannon  
  174  25:30  Photon Cannon  
  174  25:31  Photon Cannon  
  174  25:32  Pylon  
  174  25:36  Carrier  
  174  25:38  Protoss Air Armor Level 2  
  174  25:43  Nexus  
  174  25:46  Carrier  
  174  25:47  Carrier  
  198  25:53  Pylon  
  198  25:56  Assimilator  
  197  25:57  Zealot  
  188  26:12  Photon Cannon  
  188  26:13  Zealot  
  188  26:15  Photon Cannon  
  190  26:20  Carrier  
  190  26:24  Pylon  
  193  26:40  Observer  
  193  26:46  Zealot x3  
  192  27:19  Oracle  
  186  27:31  Pylon, Nexus  
  186  27:37  Observer  
  186  27:40  Assimilator  
  186  27:42  Assimilator  
  186  27:43  High Templar x4  
  195  27:44  High Templar x2  
  199  27:54  Archon x2  
  157  28:00  Archon  
  157  28:02  Stalker x9  
  157  28:03  Stalker  
  151  28:19  Tempest x3  
  155  28:23  Tempest  
  155  28:24  Tempest  
  153  28:30  Zealot x9  
  171  28:37  Zealot  
  161  28:52  Probe  
  161  28:55  High Templar, Zealot x10  
  148  28:56  Zealot x2  
  163  29:18  Mothership  
  163  29:20  Tempest x2  
  163  29:21  Tempest  
  179  29:34  Observer  
  176  29:38  Nexus  
  152  29:53  High Templar x2  
  156  30:00  High Templar x5  
  156  30:01  High Templar x2  
  156  30:02  High Templar  
  156  30:05  Archon x3  
  163  30:07  Archon  
  161  30:21  Zealot  
  163  30:25  High Templar  
  165  30:29  Observer  
  166  30:36  Zealot  
  164  30:52  Oracle  
  164  30:53  Oracle  
  164  30:56  Zealot  
  172  31:16  Probe x3  
  149  31:29  Tempest  
  129  31:35  Tempest  
  121  31:40  Probe  
  122  31:47  Zealot x15  
  122  31:48  Zealot  
  122  31:50  Probe x2  
  122  31:53  Probe  
  153  32:04  Probe x3  
  151  32:24  Assimilator  
  151  32:28  Probe x2  
  147  32:37  Tempest  
  151  32:49  Tempest  
  155  32:59  Tempest  
  159  33:08  Tempest  
  163  33:20  Tempest  
  167  33:44  Tempest  
  163  34:04  Oracle  
  166  34:10  Tempest  
  170  34:28  Zealot x5  
  180  35:12  Oracle  
  123  35:45  Void Ray  
  123  35:46  Void Ray  
  143  35:51  Void Ray x2  
  143  35:57  Void Ray  
  102  36:37  Nexus  
Show
View Real Time Build Order
Export as new Build Order

Serral Zerg - Winner!

Build Orders: Hatch First, Lurkers 

Get SALT Encoding   

  12  0:00  Drone  
  13  0:07  Drone  
  14  0:15  Drone, Extractor  
  15  0:21  Overlord  
  15  0:41  Drone  
  16  0:45  Hatchery  
  16  0:49  Drone  
  16  0:52  Drone  
  16  0:56  Drone  
  18  1:06  Extractor  
  18  1:11  Spawning Pool  
  16  1:14  Drone  
  16  1:17  Drone  
  18  1:26  Drone  
  19  1:37  Drone  
  20  1:47  Overlord  
  20  1:57  Queen x2  
  20  1:58  Zergling x2  
  20  1:59  Zergling x2  
  26  2:08  Drone  
  26  2:10  Drone  
  26  2:11  Metabolic Boost  
  28  2:20  Drone x2  
  30  2:33  Hatchery  
  30  2:36  Drone  
  30  2:37  Drone  
  30  2:42  Overlord  
  31  2:49  Queen  
  33  2:52  Drone  
  33  2:55  Drone  
  33  2:56  Drone  
  36  3:02  Overlord  
  36  3:07  Drone x3  
  36  3:09  Drone  
  41  3:12  Drone  
  41  3:17  Queen  
  43  3:21  Drone  
  44  3:27  Drone x2, Spore Crawler  
  45  3:34  Queen  
  45  3:39  Spore Crawler  
  45  3:40  Drone x3  
  49  3:43  Drone x2  
  49  3:47  Overlord  
  51  3:49  Drone  
  51  3:53  Drone  
  53  3:56  Drone  
  53  3:58  Drone  
  55  4:03  Overlord  
  55  4:04  Zergling x2  
  55  4:05  Drone  
  55  4:06  Drone  
  55  4:09  Overlord  
  58  4:10  Drone  
  58  4:13  Drone x2  
  58  4:16  Drone  
  58  4:17  Drone  
  63  4:19  Zergling x2  
  63  4:22  Drone  
  63  4:26  Drone, Lair  
  63  4:27  Drone  
  63  4:28  Extractor  
  63  4:30  Drone  
  64  4:33  Zergling x2  
  64  4:34  Drone x2  
  64  4:38  Drone  
  68  4:40  Drone x2  
  68  4:43  Spore Crawler, Roach Warren  
  68  4:49  Zergling x2  
  68  4:51  Drone x4  
  73  4:53  Drone x3  
  76  5:01  Hatchery  
  76  5:02  Drone x2  
  76  5:04  Overlord  
  76  5:06  Zergling x4  
  78  5:09  Drone, Extractor x2  
  78  5:13  Drone x2  
  79  5:14  Evolution Chamber  
  79  5:16  Overlord  
  79  5:17  Queen  
  79  5:20  Overlord  
  80  5:23  Drone, Overlord  
  80  5:25  Drone x3  
  80  5:28  Drone x2  
  86  5:32  Hydralisk Den  
  86  5:33  Drone x2  
  86  5:34  Drone  
  86  5:35  Overseer  
  88  5:37  Extractor  
  88  5:38  Drone x3, Extractor  
  88  5:41  Overlord  
  88  5:45  Zerg Missile Weapons Level 1, Zergling x2  
  88  5:47  Zergling x2  
  91  5:50  Zergling x4  
  91  5:56  Zergling x6  
  95  5:58  Overlord  
  95  6:01  Hydralisk  
  95  6:02  Muscular Augments, Hydralisk x2  
  101  6:07  Hydralisk x2  
  105  6:12  Infestation Pit  
  105  6:13  Hydralisk x2  
  105  6:16  Hydralisk  
  105  6:17  Zergling x4  
  112  6:22  Overlord  
  112  6:23  Hydralisk x2  
  116  6:27  Hydralisk  
  116  6:28  Zergling x4  
  118  6:33  Zergling x4  
  118  6:34  Zergling x6  
  118  6:38  Zergling x2  
  118  6:39  Zergling x6  
  126  6:41  Zergling x4  
  125  6:51  Zergling x12  
  127  6:55  Hydralisk  
  127  6:56  Hydralisk x2  
  127  6:58  Overlord  
  133  7:02  Zergling x2  
  133  7:03  Zergling x4  
  133  7:06  Grooved Spines  
  131  7:10  Hydralisk  
  131  7:11  Zergling x4  
  132  7:16  Zergling x4  
  132  7:18  Hive  
  132  7:20  Drone  
  132  7:23  Zergling x4  
  132  7:27  Zergling x20  
  144  7:34  Overlord  
  144  7:35  Hydralisk  
  143  7:42  Overlord  
  143  7:43  Overlord x2  
  140  7:50  Zerg Melee Weapons Level 1  
  140  7:51  Zergling x12  
  141  7:56  Zergling x12  
  146  8:00  Lurker Den  
  146  8:01  Drone x6  
  150  8:06  Drone  
  150  8:12  Hydralisk x3  
  152  8:20  Hydralisk x2  
  152  8:25  Extractor  
  152  8:26  Drone x3, Hydralisk  
  152  8:27  Hydralisk x2  
  158  8:30  Viper  
  158  8:31  Viper  
  170  8:35  Adrenal Glands  
  170  8:37  Hatchery  
  170  8:41  Zergling x12  
  174  8:45  Zergling x2  
  174  8:48  Overlord x3  
  175  8:50  Overlord  
  175  8:59  Seismic Spines  
  175  9:00  Lurker  
  169  9:10  Zergling x26  
  169  9:12  Lurker x3  
  169  9:13  Lurker  
  181  9:17  Hydralisk  
  181  9:18  Hydralisk, Zergling x2  
  182  9:29  Hydralisk x2  
  182  9:31  Lurker x6  
  184  9:33  Zergling x12  
  184  9:34  Zergling x4  
  177  9:40  Zergling x12  
  183  9:47  Hydralisk x3  
  183  9:48  Zergling x2  
  183  9:52  Hydralisk x2  
  160  9:53  Zergling x4  
  160  9:56  Adaptive Talons  
  161  10:05  Lurker x3  
  161  10:06  Hydralisk  
  166  10:07  Zergling x8  
  170  10:16  Hatchery, Overseer  
  170  10:21  Drone x3, Extractor  
  170  10:24  Zergling x20  
  170  10:28  Lurker x2  
  177  10:35  Hydralisk  
  177  10:36  Hydralisk, Zergling x4  
  183  10:45  Hydralisk x2  
  183  10:46  Zergling x2  
  184  10:50  Hydralisk  
  186  10:57  Hydralisk x2  
  186  10:58  Zergling x4  
  186  10:59  Zerg Missile Weapons Level 2  
  186  11:02  Queen x2  
  186  11:03  Spire  
  195  11:05  Overseer  
  195  11:07  Hydralisk x2  
  195  11:08  Zergling x2  
  197  11:19  Hydralisk x2  
  197  11:20  Zergling x2  
  197  11:23  Drone x5  
  195  11:30  Hydralisk x4, Zergling x2  
  196  11:39  Drone x2  
  198  11:43  Zergling x2  
  199  11:52  Extractor  
  199  11:53  Extractor  
  187  11:58  Hydralisk x4  
  187  11:59  Zergling x22  
  195  12:14  Overseer  
  195  12:18  Greater Spire  
  195  12:20  Corruptor  
  195  12:22  Overlord x3  
  196  12:26  Overlord  
  195  12:31  Corruptor x2  
  195  12:35  Overseer x2  
  195  12:36  Pneumatized Carapace  
  196  12:49  Unknown  
  196  12:51  Corruptor, Spore Crawler x3  
  186  12:52  Corruptor x4  
  186  12:53  Spore Crawler  
  186  12:54  Lurker x6  
  186  12:56  Overseer  
  186  12:58  Overseer  
  199  13:05  Overseer  
  199  13:13  Hatchery  
  199  13:16  Burrow, Neural Parasite  
  199  13:17  Zerg Melee Weapons Level 2  
  198  13:20  Overseer  
  198  13:23  Drone x2  
  190  13:45  Corruptor x7  
  193  14:06  Lurker x4  
  197  14:12  Spore Crawler  
  197  14:13  Spore Crawler  
  197  14:14  Spore Crawler x2  
  197  14:16  Zergling x12  
  199  14:21  Zerg Flyer Weapons Level 1  
  199  14:43  Zergling x4  
  200  15:00  Ultralisk Cavern  
  200  15:01  Evolution Chamber, Extractor  
  200  15:03  Drone x2, Extractor  
  200  15:04  Drone x4  
  199  15:10  Lurker  
  200  15:14  Spine Crawler  
  200  15:15  Overlord  
  200  15:16  Spine Crawler  
  200  15:17  Spore Crawler  
  197  15:21  Infestor  
  197  15:23  Infestor  
  197  15:24  Spine Crawler  
  200  15:37  Zerg Ground Armor Level 1  
  200  15:38  Zerg Melee Weapons Level 3  
  194  16:12  Infestor x3  
  194  16:14  Chitinous Plating  
  194  16:15  Zerg Flyer Armor Level 1  
  188  16:29  Overlord x3  
  188  16:32  Overlord  
  176  16:58  Brood Lord x7  
  176  16:59  Brood Lord x2  
  194  17:02  Corruptor x2  
  198  17:12  Corruptor  
  200  17:16  Overlord  
  200  17:18  Overlord  
  200  17:25  Spore Crawler  
  200  17:26  Drone x2, Spore Crawler  
  200  17:28  Spore Crawler  
  197  17:30  Drone  
  197  17:33  Anabolic Synthesis  
  195  17:44  Corruptor x2  
  196  18:04  Corruptor x3  
  196  18:09  Zerg Flyer Weapons Level 2  
  195  18:20  Hatchery  
  186  18:47  Corruptor  
  186  18:48  Corruptor x15  
  180  18:53  Infestor  
  180  18:54  Infestor  
  180  18:55  Infestor x3  
  192  18:56  Viper  
  188  19:05  Zergling x12  
  188  19:07  Drone x2, Extractor  
  188  19:08  Drone  
  188  19:09  Zergling x2  
  200  19:10  Zergling x6  
  195  19:37  Corruptor x6  
  199  19:41  Zergling x14  
  193  19:52  Lurker x4  
  187  19:53  Drone x5  
  187  19:55  Brood Lord x2, Hydralisk  
  187  19:56  Hydralisk  
  200  20:07  Spore Crawler  
  199  20:14  Extractor  
  199  20:15  Hydralisk  
  200  20:25  Zerg Flyer Armor Level 2  
  198  20:34  Corruptor x2  
  199  20:37  Lurker  
  200  20:49  Hydralisk x4  
  200  21:06  Spore Crawler  
  200  21:10  Overseer x3  
  189  21:27  Infestor x2  
  189  21:28  Viper  
  189  21:30  Lurker x4  
  200  21:34  Spore Crawler  
  199  21:43  Overseer  
  199  22:01  Lurker  
  187  22:11  Corruptor x7  
  197  22:23  Spore Crawler  
  197  22:24  Spore Crawler  
  195  22:30  Zergling x10  
  195  22:35  Hatchery  
  197  22:41  Zerg Flyer Weapons Level 3  
  197  22:43  Zergling x12  
  200  22:57  Overseer  
  200  23:10  Overseer  
  199  23:23  Hatchery  
  162  23:36  Corruptor x6  
  162  23:40  Zergling x2  
  162  23:41  Infestor x2, Zergling x22  
  186  23:43  Overseer x2, Overlord  
  186  23:44  Overlord  
  186  23:46  Drone  
  186  23:47  Drone x4, Extractor  
  194  23:49  Brood Lord x2  
  194  23:50  Brood Lord  
  200  23:59  Spore Crawler  
  200  24:01  Queen, Spore Crawler x2  
  197  24:46  Zergling x6  
  192  25:00  Viper  
  192  25:02  Brood Lord  
  192  25:03  Brood Lord  
  192  25:06  Zergling x2  
  199  25:07  Zergling x4  
  199  25:12  Spore Crawler, Zergling x2  
  198  25:17  Zergling x6  
  195  25:46  Zergling x10  
  199  26:01  Zergling x2  
  196  26:25  Drone  
  195  26:26  Hatchery  
  194  26:36  Zergling x12  
  194  26:38  Hatchery  
  198  26:53  Corruptor  
  198  27:22  Zergling x6  
  199  27:33  Zergling x2  
  192  27:52  Corruptor x5  
  192  27:55  Infestor  
  191  28:10  Corruptor x3  
  177  28:24  Corruptor x5  
  177  28:25  Infestor x8  
  194  28:29  Zergling x2  
  194  28:30  Zergling x12  
  187  28:56  Zergling x24  
  187  28:59  Extractor  
  187  29:00  Hatchery  
  196  29:02  Extractor  
  183  29:10  Zergling x24  
  192  29:19  Zergling x6  
  192  29:22  Hydralisk x2  
  199  29:26  Overseer  
  198  29:35  Drone  
  198  29:41  Drone  
  187  29:47  Zergling x20  
  187  29:52  Hatchery  
  190  29:56  Queen x2  
  187  30:08  Brood Lord x2  
  187  30:11  Drone x4, Zergling x18  
  187  30:12  Drone x3  
  193  30:16  Queen x2  
  197  30:32  Brood Lord  
  198  30:37  Extractor  
  196  30:48  Extractor  
  195  30:56  Brood Lord  
  197  31:02  Corruptor  
  174  31:28  Corruptor x2  
  174  31:30  Queen  
  164  31:39  Spore Crawler  
  160  32:07  Drone x3  
  163  32:11  Viper  
  166  32:23  Corruptor  
  166  32:26  Queen  
  170  32:43  Queen x2  
  173  32:50  Corruptor  
  174  33:06  Corruptor  
  176  33:32  Corruptor x2  
  172  33:48  Queen x4  
  180  34:05  Corruptor  
  180  34:19  Corruptor  
  181  34:41  Corruptor  
  182  34:48  Zergling x16  
  188  35:10  Queen  
  174  35:28  Corruptor x3  
  174  35:40  Corruptor  
  174  35:42  Zergling x22  
  175  36:11  Corruptor  
  173  36:25  Corruptor  
Tags
 
Add a new tag
Caveats
  • Supply blocks, unpowered buildings, or Contaminate may cause inaccurate times.
  • Supply counts are checked every 10 seconds.